 Dungeon Crawl Stone Soup version 0.26.1-11-gd32895ea62 (webtiles) character file.

Game seed: 10134581752641954423

26 infcreate the Sneak (level 2, 0/16 HPs)
             Began as a Vampire Enchanter on May 17, 2021.
             Slain by an adder (5 damage)
             ... on level 2 of the Dungeon.
             The game lasted 00:04:10 (1941 turns).

infcreate the Sneak (Vampire Enchanter)             Turns: 1941, Time: 00:04:11

Health: 0/16       AC:  2    Str:  7    XL:     2   Next: 89%
Magic:  1/5        EV: 13    Int: 17    God:
Gold:   70         SH:  0    Dex: 14    Spells: 2/5 levels left

rFire    . . .     SeeInvis +   a - +1 dagger
rCold    + + .     Faith    .   (no shield)
rNeg     + + +     Spirit   .   b - +0 robe
rPois    ∞         Reflect  .   (no helmet)
rElec    .         Harm     .   (no cloak)
rCorr    .         Rampage  .   (no gloves)
Will     .....                  (no boots)
Stlth    +++++.....             (no amulet)
HPRegen  0.00/turn              (no ring)
MPRegen  0.09/turn              (no ring)

@: bloodless
A: fangs 3, see invisible, unbreathing
a: Revivify


You were on level 2 of the Dungeon.
You visited 1 branch of the dungeon, and saw 2 of its levels.

You collected 70 gold pieces.


Innate Abilities, Weirdness & Mutations

You do not regenerate when monsters are visible.
You are frail without blood (-20% HP).
You can heal yourself when you bite living creatures.
You are immune to poison.
You have razor-sharp teeth.
You have supernaturally acute eyesight. (SInv)
You can survive without breathing.


   Skills:
 + Level 0.5 Fighting
 * Level 2.0 Short Blades
 + Level 2.3 Dodging
 * Level 5.0 Stealth
 + Level 0.0 Shields
 + Level 2.1 Spellcasting
 + Level 4.6 Hexes


You had 2 spell levels left.
You knew the following spells:

 Your Spells              Type           Power        Failure   Level
c - Corona                Hex            18%          3%          1
e - Ensorcelled Hibernat  Hex/Ice        18%          11%         2

Your spell library contained the following spells:

 Spells                   Type           Power        Failure   Level
 Confusing Touch          Hex            17%          9%          3
 Tukima's Dance           Hex            17%          9%          3
 Dazzling Flash           Conj/Hex       18%          22%         3

Inventory:

Hand Weapons
 a - a +1 dagger (weapon)
Armour
 b - a +0 robe (worn)
 c - a +0 buckler
Jewellery
 d - an uncursed ring of poison resistance {unknown}
 l - a cursed ring of attention {unknown}
Scrolls
 j - 3 scrolls of amnesia {unknown}
Potions
 e - a potion of invisibility {unknown}
 f - 2 potions of mutation
 g - a potion of might {unknown}
 h - 2 potions of curing {unknown}
 i - a potion of degeneration {unknown}

Dungeon Overview and Level Annotations

Branches:
Dungeon (2/15)

Altars:

### #. #>.# #..# #..# #
#..### .# #.... ..#
###########..#####..####
.........##.....@S......
########.##..##.##.#####
#.##..##.##.#
#.).<.......
#..#..##.#..
#..#..##.#.. #..#......
.# #..#..##.# .# ...#..#
..


You could see an adder (corona).


Message History

The adder hisses angrily.
The adder barely misses you.
You closely miss the adder. The adder closely misses you. The adder bites you.
An adder is nearby!
Unknown command.
You hit the adder.
The adder is moderately wounded.
The adder bites you but does no damage.
You barely miss the adder. Your bite misses the adder.
The adder is moderately wounded.
The adder bites you.
You closely miss the adder. Your bite misses the adder.
The adder is moderately wounded.
The adder closely misses you.
Casting: Ensorcelled Hibernation (safe; 11% risk of failure)
Confirm with . or Enter, or press ? or * to list all spells.
Aiming: Corona (safe; 3% risk of failure)
Press: ? - help, Shift-Dir - straight line, f/p - adder
Aim: an adder (moderately wounded, chance to affect: 63%)
The adder is outlined in light.
The adder closely misses you.
You hit the adder but do no damage. Your bite misses the adder.
The adder is moderately wounded.
The adder bites you.
* * * LOW HITPOINT WARNING * * *
The adder bites you.
* * * LOW HITPOINT WARNING * * *
You closely miss the adder. Your bite misses the adder.
The adder is moderately wounded.
The adder bites you.
You die...

Skill      XL: |  1  2 |
---------------+-------+-----
Short Blades   | 2 |  2.0
Stealth        | 5 |  5.0
Fighting       | |  0.5
Dodging        | |  2.3
Spellcasting   | |  2.1
Hexes          | |  4.6

Action                   || total
-------------------------++-------
Melee: Dagger            ||    79
       Bite              ||     2
 Cast: Corona            ||    19
       Ensorcelled Hiber ||     5
 Abil: Exsanguinate      ||     1
  Use: Scroll            ||     3
 Stab: Sleeping          ||    14
Armor: Robe              ||     6
Dodge: Dodged            ||    47

Levels and vault maps discovered:
D:1:      noname_arrival_rooms_in_the_neighbourhood, layout_basic,
          minmay_misc_feat_rugged, minmay_tetromino_l2
D:2:      layout_loops_ring, ashenzari_altar_1,
          nicolae_qazlal_general_emergency, nicolae_ru_path_of_blood

Notes
Turn   | Place    | Note
-------+----------+-------------------------------------------
     0 | D:1      | infcreate the Vampire Enchanter began the quest for the
                  | Orb.
     0 | D:1      | Reached XP level 1. HP: 13/13 MP: 3/3
  1087 | D:1      | Reached XP level 2. HP: 15/15 MP: 5/5
  1090 | D:1      | Learned a level 2 spell: Ensorcelled Hibernation
  1806 | D:2      | Noticed a centaur
  1835 | D:2      | Reached skill level 2 in Short Blades
  1835 | D:2      | Reached skill level 5 in Stealth
  1941 | D:2      | Slain by an adder

Vanquished Creatures
  A dart slug (D:1)
  2 bats (D:1)
  A giant cockroach (D:1)
  5 hobgoblins
  4 jackals (D:1)
  A quokka (D:2)
  A ball python (D:2)
  5 kobolds (D:1)
  3 rats (D:1)
23 creatures vanquished.

Table legend: (Time is in decaauts)
 A = Elapsed time spent in this place.
 B = Non-inter-level travel time spent in this place.
 C = Inter-level travel time spent in this place.
 D = Time resting spent in this place.
 E = Time spent auto-exploring this place.
 F = Levels seen in this place.
 G = Mean time per level.
                   A        B        C        D        E       F      G
               +--------+--------+--------+--------+--------+-----+--------+
         Total |   1935 |   1883 |     52 |     10 |   1553 |   2 |  967.5 |
       Dungeon |   1935 |   1883 |     52 |     10 |   1553 |   2 |  967.5 |
               +--------+--------+--------+--------+--------+-----+--------+

Top non-repeatable levels by time:
     D:1: 1775 daAuts
     D:2: 160 daAuts

Table legend:
 A = Non-vault XP
 B = Vault XP
 C = Vault XP percentage of total XP
 D = Non-vault monster count
 E = Vault monster count
 F = Vault count percentage of total count
                 A         B        C        D         E       F
            +---------+---------+-------+---------+---------+-------
      Total |      36 |       2 |   5.3 |      22 |       1 |   4.3
            +---------+---------+-------+---------+---------+-------
        D:1 |      31 |       2 |   6.1 |      19 |       1 |   5.0
        D:2 |       5 |       0 |   0.0 |       3 |       0 |   0.0
            +---------+---------+-------+---------+---------+-------
